 Dungeon Crawl Stone Soup version 0.19-a0-1932-g59670f6 (webtiles) character file.

2291 varam the Grappler (level 9, -6/87 HPs)
             Began as a Troll Monk on Oct 25, 2016.
             Was a Believer of Okawaru.
             Mangled by Nattefrost's ghost (18 damage)
             ... on level 7 of the Dungeon.
             The game lasted 00:14:41 (5798 turns).

varam the Grappler (Troll Monk)                     Turns: 5798, Time: 00:14:42

Health: -6/87      AC:  6    Str: 23    XL:     9   Next: 17%
Magic:  7/8        EV: 12    Int:  6    God:    Okawaru [**....]
Gold:   299        SH:  0    Dex: 13    Spells: 0 memorised, 8 levels left

rFire  x . .     SeeInvis .       - Unarmed
rCold  + . .     Gourm    +     a - +0 robe
rNeg   . . .     Faith    .     (no shield)
rPois  .         Spirit   .     k - +1 hat
rElec  .         Reflect  .     (no cloak)
rCorr  .         Harm     .     (gloves unavailable)
MR     .....                    (boots unavailable)
Stlth  ++........               E - amulet of rage
                                (no ring)
                                m - ring of ice

@: lethally poisoned (-6 -> -17)
A: unfitting armour, claws 3, fast metabolism 3, gourmand, regeneration 1,
shaggy fur 1, tough skin 2
a: Heroism, Renounce Religion, Evoke Berserk Rage


You were on level 7 of the Dungeon.
You worshipped Okawaru.
Okawaru was pleased with you.
You were very full.

You visited 2 branches of the dungeon, and saw 8 of its levels.
You also visited: Ossuary.

You collected 299 gold pieces.

Inventory:

Missiles
 i - 321 stones (quivered)
 I - 2 tomahawks
 J - 3 large rocks
 K - a throwing net
Armour
 a - a +0 robe (worn)
 k - a +1 hat (worn)
Jewellery
 m - a ring of ice (left claw)
 E - an amulet of rage (around neck)
Wands
 y - a wand of lightning (2/15)
 C - a wand of flame (8/48)
Scrolls
 c - 8 scrolls of remove curse {@r2}
 f - a scroll of noise {unknown}
 h - 5 scrolls of teleportation
 j - 3 scrolls of recharging
 l - a scroll of fear {unknown}
 o - a scroll of enchant weapon {unknown}
 p - 4 scrolls of magic mapping
 q - a scroll of immolation {unknown}
 r - a scroll of enchant armour {unknown}
 w - 3 scrolls of amnesia
 A - 3 scrolls of identify {@r1}
 H - a scroll of fog {unknown}
Potions
 d - a potion of flight
 e - a potion of ambrosia {unknown}
 g - 3 potions of curing {@q1}
 s - a potion of haste {unknown}
 u - 2 potions of heal wounds {unknown}
 v - a potion of cure mutation {unknown}
 x - a potion of mutation {unknown}
 z - a potion of berserk rage {unknown}
 F - a potion of might {unknown}
Books
 B - a book of Conjurations

   Spells                             Type                      Level
   a - Magic Dart                     Conjuration                  1
   b - Searing Ray                    Conjuration                  2
   c - Dazzling Spray                 Conjuration/Hexes            3
   d - Fulminant Prism                Conjuration/Hexes            4
   e - Iskenderun's Mystic Blast      Conjuration                  4
   f - Iskenderun's Battlesphere      Conjuration/Charms           5
Comestibles
 b - 11 bread rations
 n - 5 meat rations
 t - 6 fruits
 D - 7 beef jerkies
 G - 6 chunks of flesh


   Skills:
 + Level 4.9 Fighting
 + Level 1.0 Throwing
 + Level 5.0 Dodging
 - Level 1.0 Stealth
 + Level 10.0 Unarmed Combat
 + Level 0.3 Evocations


You had 8 spell levels left.
You didn't know any spells.

Dungeon Overview and Level Annotations

Branches:
Dungeon (7/15)             Temple (1/1) D:7

Altars:
Ashenzari
Cheibriados
Dithmenos
Elyvilon
Fedhas
Gozag
Hepliaklqana
Makhleb
Nemelex Xobeh
Okawaru
Qazlal
Sif Muna
Trog
Uskayaw
Vehumet
Xom
Yredelemnul
Zin
The Shining One

Annotations:
D:7 Nattefrost's ghost, novice DsGl


Innate Abilities, Weirdness & Mutations

You are too large for most types of armour.
You have claws for hands.
Your metabolism is lightning-fast.
You like to eat raw meat.
Your natural rate of healing is unusually fast.
You are covered in fur. (AC +1)
You have very tough skin. (AC +2)


Message History

You feel sick. Nattefrost's ghost hits you!
You are more poisoned.
You claw Nattefrost's ghost! Your claw misses Nattefrost's ghost.
Nattefrost's ghost is almost destroyed.
You feel sick. Nattefrost's ghost closely misses you.
You closely miss Nattefrost's ghost.
Nattefrost's ghost is almost destroyed.
You feel like a meek peon again.
You feel sick.
You scratch Nattefrost's ghost but do no damage.
Nattefrost's ghost is almost destroyed.
You feel sick.
A sky beast appears from thin air!
Reactivating autopickup.
Nattefrost's ghost hits you!
* * * LOW HITPOINT WARNING * * *
You claw Nattefrost's ghost!
Nattefrost's ghost is almost destroyed.
* * * LOW HITPOINT WARNING * * *
You feel sick. Nattefrost's ghost hits you!!
You die...

............# ### #.#
............# #^# ............#
#.# ............# #.#
............# #.## ...........#
###..## .........######
#####.....#
..............########..........
.............YW@................
###....##############.÷.........
#..... ##.###...... #....#
##.###.###. ..... #.###.....
..... ###.##..... #...##.....
#)§÷##..... #..÷#######


You could see a sky beast and Nattefrost's ghost.

Vanquished Creatures
  Pikel (D:5)
  3 phantoms
  3 ogres
  Blork the orc (D:6)
  The ghost of Duskembrace the Ducker, an amateur SpCK of Xom (D:3)
  3 bullfrogs
  2 scorpions
  2 howler monkeys
  A crimson imp (D:7)
  A bullfrog zombie (D:5)
  A human zombie (Ossuary)
  5 hounds
  An orc priest (D:5)
  3 orc wizards
  2 bullfrog skeletons (D:5)
  A centaur skeleton (D:4)
  A jelly (D:7)
  A worker ant (D:6)
  An iguana (D:5)
  A hound skeleton (D:4)
  3 mummies (Ossuary)
  A howler monkey zombie (D:6)
  3 gnolls (D:4)
  4 adders
  2 adder zombies (Ossuary)
  2 adder skeletons (D:5)
  5 worms
  9 dart slugs
  5 leopard geckos
  16 orcs
  5 giant cockroaches
  10 goblins
  7 hobgoblins
  8 jackals (D:3)
  7 kobolds
  A quokka (D:3)
  8 bats
  2 frilled lizards
  3 goblin zombies (Ossuary)
  4 hobgoblin zombies (Ossuary)
  3 kobold zombies (Ossuary)
  2 quokka zombies (Ossuary)
  4 rats
  3 rat zombies (Ossuary)
152 creatures vanquished.

Vanquished Creatures (others)
  A sky beast (D:5)
  A slave (D:5)
  An ogre (D:5)
  A jelly (D:5)
  An orc wizard (D:5)
  4 orcs (D:5)
9 creatures vanquished.

Grand Total: 161 creatures vanquished

Notes
Turn   | Place    | Note
-------+----------+-------------------------------------------
     0 | D:1      | varam the Troll Monk began the quest for the Orb.
     0 | D:1      | Reached XP level 1. HP: 22/22 MP: 0/0
   205 | D:1      | Reached XP level 2. HP: 28/29 MP: 1/1
   449 | D:1      | Found a shimmering altar of Xom.
   618 | D:1      | Reached skill level 4 in Unarmed Combat
   776 | D:2      | Reached XP level 3. HP: 32/36 MP: 2/2
  1220 | D:3      | Noticed Duskembrace's ghost (amateur SpCK)
  1293 | D:3      | Killed Duskembrace's ghost
  1293 | D:3      | Reached skill level 5 in Unarmed Combat
  1293 | D:3      | Reached XP level 4. HP: 15/44 MP: 1/3
  1381 | D:3      | Reached XP level 5. HP: 50/50 MP: 4/4
  1452 | D:4      | Reached skill level 6 in Unarmed Combat
  1552 | D:4      | Found a stormy altar of Qazlal.
  1554 | D:4      | Noticed a water elemental
  1555 | D:4      | Noticed a fire elemental
  1555 | D:4      | Noticed an air elemental
  1681 | D:4      | Found a faded altar of an unknown god.
  1681 | D:4      | Found a faded altar of an unknown god.
  1696 | D:4      | Found a faded altar of an unknown god.
  1698 | D:4      | Found an opulent altar of Gozag.
  1699 | D:4      | Found a faded altar of an unknown god.
  1754 | D:4      | Reached XP level 6. HP: 59/59 MP: 5/5
  1914 | D:5      | Entered Level 5 of the Dungeon
  1938 | D:5      | Noticed a slave
  1940 | D:5      | Noticed a slave
  1941 | D:5      | Noticed Pikel
  1941 | D:5      | Noticed a slave
  1942 | D:5      | Noticed a slave
  1948 | D:5      | You fall through a shaft!
  1949 | D:6      | Reached skill level 7 in Unarmed Combat
  1950 | D:6      | Noticed Blork the orc
  1965 | D:6      | Killed Blork the orc
  2105 | D:6      | Reached skill level 8 in Unarmed Combat
  2105 | D:6      | Reached XP level 7. HP: 59/66 MP: 6/6
  2448 | D:5      | Found a sand-covered staircase.
  2457 | Ossuary  | Entered an ossuary
  2468 | Ossuary  | HP: 3/66 [mummy (13)]
  2899 | D:5      | Killed Pikel
  2899 | D:5      | Reached skill level 9 in Unarmed Combat
  2899 | D:5      | Reached XP level 8. HP: 59/76 MP: 7/7
  3144 | D:5      | Found a burning altar of Makhleb.
  3309 | D:5      | Found a deep blue altar of Sif Muna.
  3562 | D:4      | Found a basalt altar of Yredelemnul.
  4371 | D:7      | Reached XP level 9. HP: 74/85 MP: 8/8
  4416 | D:7      | Found a staircase to the Ecumenical Temple.
  4422 | Temple   | Entered the Ecumenical Temple
  4600 | Temple   | Became a worshipper of Warmaster Okawaru
  4600 | Temple   | Reached * piety under Okawaru
  4600 | Temple   | Reached ** piety under Okawaru
  4654 | D:7      | Reached skill level 10 in Unarmed Combat
  5620 | D:7      | Reached skill level 5 in Dodging
  5770 | D:7      | Noticed Nattefrost's ghost (novice DsGl)
  5784 | D:7      | Reached skill level 1 in Throwing
  5798 | D:7      | Mangled by Nattefrost's ghost

Vault maps used:
D:1:      dpeg_arrival_shrine, xom_teletrap_fun
D:3:      kennysheep_slugbush, first_bread, glass_columns_b
D:4:      chequers_temple_overflow_minitemple, nicolae_qazlal_style_of_elements,
          yredelemnul_altar_generic
D:5:      tgw_sif, makhleb_blood_cavern_becter, nicolae_ossuary_entry_monument,
          fountainhead, uniq_pikel
D:6:      uniq_blork_the_orc
D:7:      lemuel_round_altar, grunt_ogre_cave, uniq_menkaure
Temple:   regret_index_temple_generic_petals
Ossuary:  ossuary_minmay_chase

Skill      XL: |  1  2  3  4  5  6  7  8  9 |
---------------+----------------------------+-----
Unarmed Combat | 4 5 6 8 9 10 | 10.0
Fighting       | 3 4 |  4.9
Dodging        | 3 4 5 |  5.0
Throwing       | 1 |  1.0
Stealth        | |  1.0
Evocations     | |  0.3

Action                   |  1- 3 |  4- 6 |  7- 9 || total
-------------------------+-------+-------+-------++-------
Melee: Unarmed           |   132 |    46 |   253 ||   431
       Punch             |       |     3 |    14 ||    17
Throw: Stone             |       |     3 |     2 ||     5
Invok: Heroism           |       |       |     1 ||     1
  Use: Scroll            |       |       |     7 ||     7
 Stab: Sleeping          |     1 |     2 |     6 ||     9
  Eat: Chunk             |    17 |     8 |    33 ||    58
Armor: Robe              |    46 |     5 |    62 ||   113
Dodge: Dodged            |    72 |    16 |    94 ||   182
